 Dungeon Crawl Stone Soup version 0.20.0-15-g7f486f2 (webtiles) character file.

334 miragecloak the Cudgeler (level 6, -3/47 HPs)
             Began as a Formicid Abyssal Knight on June 26, 2017.
             Was a Believer of Lugonu.
             Slain by an ogre
             ... wielding a +0 giant club
              (9 damage)
             ... on level 4 of the Dungeon.
             The game lasted 00:03:26 (3976 turns).

miragecloak the Cudgeler (Formicid Abyssal Knight)  Turns: 3976, Time: 00:03:27

Health: -3/47      AC:  4    Str: 17    XL:     6   Next: 83%
Magic:  7/7        EV: 11    Int: 11    God:    Lugonu [**....]
Gold:   271        SH:  0    Dex: 12    Spells: 5/5 levels left

rFire    . . .     SeeInvis +   a - +1 mace
rCold    + . .     Gourm    .   (no shield)
rNeg     . . .     Faith    +   b - +0 leather armour
rPois    .         Spirit   .   (helmet unavailable)
rElec    .         Reflect  .   s - +0 cloak
rCorr    .         Harm     .   (no gloves)
MR       .....                  (no boots)
Stlth    +.........             t - amulet of faith
Regen    0.2/turn               e - ring of protection from cold
MPRegen  0.1/turn               (no ring)

@: no status effects
A: permanent stasis, dig shafts and tunnels, four strong arms, antennae 3
a: Dig, Shaft Self, Depart the Abyss, Bend Space, Renounce Religion


You were on level 4 of the Dungeon.
You worshipped Lugonu.
Lugonu was pleased with you.
You were not hungry.

You visited 1 branch of the dungeon, and saw 4 of its levels.
You visited the Abyss 1 time.

You collected 271 gold pieces.

Inventory:

Hand Weapons
 a - a +1 mace (weapon)
Armour
 b - a +0 leather armour (worn)
 s - a +0 cloak (worn)
Jewellery
 e - a ring of protection from cold (left hand)
 t - an amulet of faith (around neck)
Scrolls
 d - 4 scrolls of teleportation {unknown}
 f - 8 scrolls of identify {unknown}
 i - a scroll of magic mapping {unknown}
 k - a scroll of recharging {unknown}
 m - 2 scrolls of remove curse {unknown}
 q - a scroll of blinking {unknown}
Potions
 g - a potion of mutation {unknown}
 h - a potion of curing {unknown}
 l - 2 potions of heal wounds {unknown}
 n - a potion of flight {unknown}
 r - a potion of brilliance {unknown}
Comestibles
 c - 3 bread rations
 j - 3 meat rations
 o - a royal jelly
 p - 4 chunks of flesh


   Skills:
 - Level 3.2 Fighting
 + Level 6.7 Maces & Flails
 - Level 2.1 Armour
 - Level 0.8 Dodging
 - Level 2.1 Invocations


You had 5 spell levels left.
You didn't know any spells.

Dungeon Overview and Level Annotations

Branches:
Dungeon (4/15)
 Temple: D:4-7

Altars:
Elyvilon
Trog
Uskayaw
The Shining One

Annotations:
D:3 1 runed door


Innate Abilities, Weirdness & Mutations

You cannot be hasted, slowed, berserked, paralysed or teleported.
You can dig through walls and to a lower floor.
Your four strong arms can wield two-handed weapons with a shield.
You have a pair of large antennae on your head. (SInv)


Message History

You sock the ogre!
The ogre is heavily wounded.
The ogre barely misses you.
You sock the ogre!
The ogre is almost dead.
The ogre hits you with a giant club!!
Ouch! That really hurt!
You are too injured to fight recklessly!
You are too injured to fight recklessly!
You are too injured to fight recklessly!
You are too injured to fight recklessly!
You are too injured to fight recklessly!
You barely miss the ogre.
The ogre is almost dead.
The ogre hits you with a giant club!
* * * LOW HITPOINT WARNING * * *
You hit the ogre.
The ogre is almost dead.
The ogre hits you with a giant club!
You die...

##### ##...## ##...##
##.....###.....##
#...(...#...)...#
#.......#.......#
#.......#.......#
#.....###.....#####
#.O.# ##...##...#
#######@#######'##..#.#
..................รท##.#
...................##.#
...................##.#
#######'#######'#####.##
##...## ##...## #...
##.....###.....######
#.......#.......# {
{{#.......#.......#


You could see an ogre.

Vanquished Creatures
  Menkaure (D:4)
  A worker ant (D:4)
  10 adders
  3 worms
  A dart slug (D:2)
  2 leopard geckos
  2 orcs (D:3)
  6 giant cockroaches
  11 hobgoblins
  14 jackals
  A quokka (D:3)
  2 ball pythons
  5 bats
  4 frilled lizards
  7 goblins
  A jackal skeleton (D:4)
  7 kobolds
  6 rats
84 creatures vanquished.

Notes
Turn   | Place    | Note
-------+----------+-------------------------------------------
     0 | Abyss:1  | miragecloak the Formicid Abyssal Knight began the quest for the Orb.
     0 | Abyss:1  | Reached XP level 1. HP: 18/18 MP: 2/2
    65 | Abyss:1  | Noticed an efreet
    65 | D:1      | Escaped the Abyss
   177 | D:1      | Reached XP level 2. HP: 10/24 MP: 3/3
   189 | D:1      | Reached * piety under Lugonu
   442 | D:1      | Reached skill level 3 in Maces & Flails
   547 | D:1      | Reached XP level 3. HP: 24/29 MP: 4/4
  1217 | D:2      | Reached XP level 4. HP: 31/35 MP: 5/5
  1218 | D:2      | Reached skill level 4 in Maces & Flails
  1342 | D:2      | Found a glowing golden altar of the Shining One.
  2234 | D:3      | Reached ** piety under Lugonu
  2245 | D:3      | Reached XP level 5. HP: 39/41 MP: 6/6
  2419 | D:3      | Reached skill level 5 in Maces & Flails
  2534 | D:3      | Found a runed door.
  2592 | D:3      | Found a faded altar of an unknown god.
  2592 | D:3      | Found a faded altar of an unknown god.
  2597 | D:3      | Found a hide-covered altar of Uskayaw.
  2600 | D:3      | Found a bloodstained altar of Trog.
  2601 | D:3      | Found a white marble altar of Elyvilon.
  3883 | D:4      | Reached XP level 6. HP: 39/47 MP: 7/7
  3945 | D:4      | Noticed Menkaure
  3949 | D:4      | Killed Menkaure
  3949 | D:4      | Reached skill level 6 in Maces & Flails
  3969 | D:4      | Noticed an ogre
  3976 | D:4      | Slain by an ogre

Skill      XL: |  1  2  3  4  5  6 |
---------------+-------------------+-----
Maces & Flails | 3 4 5 6 |  6.7
Fighting       | |  3.2
Armour         | |  2.1
Dodging        | |  0.8
Invocations    | |  2.1

Action                   |  1- 3 |  4- 6 || total
-------------------------+-------+-------++-------
Melee: Mace              |    96 |   203 ||   299
Invok: Depart the Abyss  |     1 |       ||     1
 Stab: Sleeping          |     1 |       ||     1
  Eat: Chunk             |     1 |     6 ||     7
       Bread ration      |       |     1 ||     1
Armor: Leather armour    |    24 |    50 ||    74
Dodge: Dodged            |    54 |   135 ||   189
